 Dungeon Crawl Stone Soup version 0.21-a0-221-gfe971b9 (webtiles) character file.

1832 Gruud the Martial Artist (level 8, 1/85 HPs)
             Began as a Demonspawn Assassin on Aug 24, 2017.
             Quit the game on level 5 of the Dungeon.
             The game lasted 00:18:06 (4777 turns).

Gruud the Martial Artist (Demonspawn Assassin)      Turns: 4777, Time: 00:18:07

Health: 1/85       AC:  9    Str: 19    XL:     8   Next: 86%
Magic:  1/8        EV: 10    Int: 12    God:
Gold:   399        SH:  0    Dex: 15    Spells: 7/7 levels left

rFire    . . .     SeeInvis .     - Unarmed
rCold    . . .     Gourm    .   (no shield)
rNeg     + . .     Faith    .   w - +0 scale mail
rPois    .         Spirit   +   (no helmet)
rElec    .         Reflect  .   d - +1 cloak
rCorr    .         Harm     .   (no gloves)
MR       +....                  (no boots)
Stlth    ..........             (no amulet)
HPRegen  0.24/turn              q - ring of positive energy
MPRegen  0.11/turn              j - ring of protection from magic

@: berserking, lethally poisoned (1 -> -53), very quick
A: claws 2, powered by pain 2, magic shield
a: no special abilities


You were on level 5 of the Dungeon.
You were not hungry.

You visited 1 branch of the dungeon, and saw 6 of its levels.

You collected 399 gold pieces.

Inventory:

Hand Weapons
 b - a +0 blowgun
 y - the +4 Vampire's Tooth {vamp}
   (You found it on level 5 of the Dungeon)

   It inflicts no extra harm, but heals its wielder when it wounds a living foe.
Missiles
 e - 22 poisoned needles
 f - a curare-tipped needle
 n - 2 tomahawks (quivered)
Armour
 d - a +1 cloak (worn)
 w - a +0 scale mail (worn)
Jewellery
 j - a ring of protection from magic (right claw)
 p - an uncursed ring of teleportation
 q - a ring of positive energy (left claw)
Wands
 i - a wand of random effects (20/48)
 o - a wand of lightning (0/15)
 z - a wand of polymorph (8/24)
Scrolls
 a - 4 scrolls of remove curse
 l - a scroll of teleportation
 r - a scroll of amnesia
 u - 3 scrolls of identify
Potions
 g - a potion of degeneration {unknown}
 k - a potion of berserk rage
 m - 2 potions of brilliance
 s - 4 potions of curing
 t - a potion of invisibility
 v - a potion of lignification {unknown}
Comestibles
 c - 3 fruits
 h - 4 meat rations
 x - a chunk of flesh


   Skills:
 - Level 2.4 Fighting
 - Level 1.7 Short Blades
 - Level 1.7 Throwing
 + Level 5.1 Armour
 - Level 1.3 Dodging
 - Level 3.6 Stealth
 * Level 8.9 Unarmed Combat


You had 7 spell levels left.
You didn't know any spells.

Dungeon Overview and Level Annotations

Branches:
Dungeon (6/15)
 Temple: D:4-7

Altars:
Elyvilon
Okawaru
Ru
Xom


Innate Abilities, Weirdness & Mutations

You have very sharp fingernails.
You sometimes gain power by taking damage.
When hurt, damage is shared between your health and your magic reserves.


Message History

* * * LOW HITPOINT WARNING * * *
You are more poisoned.
The killer bee poisons you! The killer bee closely misses you.
The killer bee stings you.
* * * LOW HITPOINT WARNING * * *
The killer bee barely misses you.
The killer bee stings you but does no damage.
You climb upwards.
You feel a strong urge to attack something.
* * * LOW HITPOINT WARNING * * *
You feel very sick.
There is a stone staircase leading down here.
Unknown command.
Unknown command.
You are too berserk!
Quiver which item? (- for none, * to show all) (? for menu, Esc to quit)
That's the wrong kind of item! (Use * to select it.) Quiver which item? (- for none, * to show all) (? for menu, Esc to quit)
Okay, then.
Are you sure you want to abandon this character and quit the game? (Confirm with "yes".)

#...##..####.## #..##
#...##..####.## #.(.#
#...#.....<...# ##.#..
#...#.#.......# ##..###
#.....#.......# #..####
#...##........# #)###..
#...##........# #.##..#
#...#.yyy.....####.##.##
#...#.#@y.............#
#.....#y.>............#
####.##.......###.###.#
##..##...##### #.# #.##
#...##.### #.# #..#
#...#..# #.# ##.#
#...#.## ####.######
#...#.#######..[......#
#.............##.######


You could see 5 killer bees.

Vanquished Creatures
  The ghost of p0werm0de the Fighter, a novice DsAE (D:5)
  Grinder (D:4)
  Eustachio (D:4)
  Edmund (D:4)
  2 ogres
  A bullfrog (D:6)
  A scorpion (D:4)
  2 vampire bats (D:5)
  A howler monkey (D:4)
  3 hounds
  An orc priest (D:3)
  An orc wizard (D:4)
  Crazy Yiuf (D:5)
  2 worker ants (D:4)
  The ghost of p0werm0de the Gusty, a weakling DsAE (D:4)
  A hound skeleton (D:4)
  7 adders
  A shadow imp (D:6)
  An adder zombie (D:5)
  3 worms
  2 dart slugs
  5 leopard geckos
  19 orcs
  10 bats
  4 giant cockroaches
  5 goblins
  5 hobgoblins
  8 kobolds
  3 frilled lizards
  A jackal zombie (D:5)
  A leopard gecko skeleton (D:5)
  A quokka skeleton (D:4)
  10 rats
107 creatures vanquished.

Notes
Turn   | Place    | Note
-------+----------+-------------------------------------------
     0 | D:1      | Gruud the Demonspawn Assassin began the quest for the Orb.
     0 | D:1      | Reached XP level 1. HP: 16/16 MP: 1/1
    71 | D:1      | Reached skill level 1 in Dodging
   289 | D:1      | Gained mutation: You have sharp fingernails. [demonic ancestry]
   289 | D:1      | Reached XP level 2. HP: 16/23 MP: 2/2
   789 | D:2      | Reached skill level 1 in Unarmed Combat
  1018 | D:2      | Reached XP level 3. HP: 28/28 MP: 3/3
  1110 | D:2      | Reached skill level 2 in Unarmed Combat
  1474 | D:3      | Noticed an ogre
  1832 | D:3      | Found a faded altar of an unknown god.
  1856 | D:3      | Killed an ogre
  1856 | D:3      | Reached skill level 3 in Unarmed Combat
  1856 | D:3      | Gained mutation: When hurt, damage is shared between your health and your magic reserves. [demonic ancestry]
  1856 | D:3      | Reached XP level 4. HP: 15/34 MP: 4/4
  1856 | D:3      | Gained mutation: You sometimes gain a little power by taking damage. [demonic ancestry]
  1856 | D:3      | Reached XP level 5. HP: 18/39 MP: 5/5
  1997 | D:2      | Reached skill level 4 in Unarmed Combat
  2583 | D:3      | Reached skill level 1 in Armour
  2664 | D:3      | Found an iron altar of Okawaru.
  2991 | D:4      | Got an ancient war axe
  2995 | D:4      | Found a sacrificial altar of Ru.
  2996 | D:4      | Noticed Grinder
  3011 | D:4      | Killed Grinder
  3011 | D:4      | Reached skill level 5 in Unarmed Combat
  3011 | D:4      | Gained mutation: You have very sharp fingernails. [demonic ancestry]
  3011 | D:4      | Reached XP level 6. HP: 23/46 MP: 3/6
  3292 | D:4      | Noticed Edmund
  3337 | D:4      | Killed Edmund
  3337 | D:4      | Reached skill level 6 in Unarmed Combat
  3337 | D:4      | Reached XP level 7. HP: 40/51 MP: 7/7
  3517 | D:4      | Found a shimmering altar of Xom.
  3594 | D:4      | Found a white marble altar of Elyvilon.
  3594 | D:4      | Noticed Eustachio
  3615 | D:4      | Killed Eustachio
  3619 | D:4      | Reached skill level 7 in Unarmed Combat
  3704 | D:4      | Gained mutation: You sometimes gain power by taking damage. [demonic ancestry]
  3704 | D:4      | Reached XP level 8. HP: 43/57 MP: 6/8
  3785 | D:4      | Noticed p0werm0de's ghost (weakling DsAE)
  3795 | D:4      | Killed p0werm0de's ghost
  4092 | D:5      | Entered Level 5 of the Dungeon
  4111 | D:5      | Noticed p0werm0de's ghost (novice DsAE)
  4132 | D:5      | Killed p0werm0de's ghost
  4132 | D:5      | Reached skill level 8 in Unarmed Combat
  4279 | D:5      | Found the +4 Vampire's Tooth {vamp}
  4370 | D:5      | You fall through a shaft!
  4379 | D:6      | Reached skill level 5 in Armour
  4622 | D:5      | Found a runed door.
  4626 | D:5      | Noticed Crazy Yiuf
  4638 | D:5      | Killed Crazy Yiuf
  4645 | D:5      | Got a pitted mace
  4647 | D:5      | Identified the +5 mace of the Owl {crush, +Fly rElec Str-5 Dex+6} (You found it on level 5 of the Dungeon)
  4776 | D:5      | HP: 1/85 [poisoned by a killer bee]
  4777 | D:5      | Quit the game

Vault maps used:
D:1:      nicolae_arrival_somewhat_less_tricky_arrival
D:3:      first_bread, chequers_ecumenical_altar_grove,
          okawaru_ov_weapons_minmay
D:4:      old_standard_altar, nicolae_overflow_hidden_temple,
          lemuel_coloured_pillars_altar, kennysheep_small_circle, uniq_grinder,
          uniq_eustachio, uniq_edmund
D:5:      moated_statue, minmay_guarded_unrand_vampires_tooth,
          uniq_crazy_yiuf_cottage
D:6:      cheibrodos_two_vegetables, minmay_temple_entry_statues_pillars,
          basic_altar, st_stairs_9, grunt_ministairs_8, uniq_menkaure,
          uniq_prince_ribbit1, uniq_pikel

Skill      XL: |  1  2  3  4  5  6  7  8 |
---------------+-------------------------+-----
Dodging        | 1 |  1.3
Unarmed Combat | 1 3 5 6 7 8 |  8.9
Armour         | 2 3 5 |  5.1
Fighting       | |  2.4
Short Blades   | |  1.7
Throwing       | |  1.7
Stealth        | |  3.6

Action                   |  1- 3 |  4- 6 |  7- 9 || total
-------------------------+-------+-------+-------++-------
Melee: Dagger            |   125 |    83 |    26 ||   234
       Unarmed           |       |   112 |   120 ||   232
       Punch             |       |     5 |     7 ||    12
 Fire: Blowgun           |     4 |    16 |     9 ||    29
Throw: Tomahawk          |       |     2 |       ||     2
Evoke: Wand              |       |     4 |       ||     4
  Use: Scroll            |     3 |     8 |     3 ||    14
       Potion            |       |     2 |     2 ||     4
 Stab: Sleeping          |     6 |     1 |       ||     7
  Eat: Chunk             |     3 |     5 |     2 ||    10
       Bread ration      |       |       |     2 ||     2
Armor: Robe              |    30 |     7 |       ||    37
       Scale mail        |       |    36 |    80 ||   116
       Ring mail         |       |    12 |       ||    12
Dodge: Dodged            |    70 |    98 |    90 ||   258
Block: Buckler           |     2 |       |       ||     2

Table legend:
 A = Spawn XP
 B = Non-spawn XP
 C = Spawn XP percentage of total XP
 D = Spawn monster count
 E = Non-spawn monster count
 F = Spawn count percentage of total count
 G = Total turns spent on level
                    A         B        C        D         E        F      G
               +---------+---------+-------+---------+---------+-------+---------
         Total |     144 |    2474 |   5.5 |      10 |      97 |   9.3 |  4777
               +---------+---------+-------+---------+---------+-------+---------
           D:1 |       2 |      18 |  10.0 |       1 |      10 |   9.1 |   700
           D:2 |       2 |      44 |   4.3 |       1 |      16 |   5.9 |  1090
           D:3 |      28 |     245 |  10.3 |       3 |      34 |   8.1 |  1349
           D:4 |     109 |    1015 |   9.7 |       4 |      20 |  16.7 |   964
           D:5 |       3 |    1014 |   0.3 |       1 |      14 |   6.7 |   562
           D:6 |       0 |     138 |   0.0 |       0 |       3 |   0.0 |   112
               +---------+---------+-------+---------+---------+-------+---------
